 Dungeon Crawl Stone Soup version 0.23.2-33-g5129a83184 (webtiles) character file.

Game seed: 16218462885617250885

325 Glodfish the Slasher (level 6, -3/46 HPs)
             Began as a Demonspawn Gladiator on Aug 9, 2019.
             Slain by a killer bee (8 damage)
             ... on level 4 of the Dungeon.
             The game lasted 00:09:05 (3175 turns).

Glodfish the Slasher (Demonspawn Gladiator)         Turns: 3175, Time: 00:09:05

Health: -3/46      AC:  4    Str: 17    XL:     6   Next: 24%
Magic:  6/6        EV: 13    Int:  9    God:
Gold:   228        SH:  0    Dex: 14    Spells: 5/5 levels left

rFire    . . .     SeeInvis .   a - +1 long sword
rCold    + + .     Gourm    .   (no shield)
rNeg     . . .     Faith    .   b - +1 leather armour
rPois    .         Spirit   .   (helmet restricted)
rElec    .         Reflect  .   (no cloak)
rCorr    .         Harm     .   (no gloves)
MR       .....                  (no boots)
Stlth    +.........             (no amulet)
HPRegen  0.15/turn              i - ring of protection from cold
MPRegen  0.10/turn              (no ring)

@: lethally poisoned (-3 -> -8), about to teleport
A: antennae 1, cold resistance 1, powered by pain 1
a: no special abilities


You were on level 4 of the Dungeon.
You were full.

You visited 1 branch of the dungeon, and saw 4 of its levels.

You collected 228 gold pieces.

Inventory:

Hand Weapons
 a - a +1 long sword (weapon)
 s - a +0 falchion
Missiles
 d - 5 throwing nets (quivered)
Armour
 b - a +1 leather armour (worn)
 c - a +0 helmet
Jewellery
 i - a ring of protection from cold (left hand)
Wands
 h - a wand of random effects (21)
 n - a wand of polymorph (5)
 p - a wand of clouds (7)
Scrolls
 e - a scroll of enchant armour
 g - a scroll of enchant weapon
 j - 2 scrolls of identify
 l - a scroll of remove curse
 o - a scroll of teleportation
Potions
 k - a potion of curing {unknown}
 m - a potion of flight
 r - a potion of lignification {unknown}
Comestibles
 f - 4 rations


   Skills:
 + Level 2.8 Fighting
 + Level 4.8 Long Blades
 + Level 1.8 Throwing
 + Level 2.2 Armour
 + Level 3.7 Dodging
 + Level 0.3 Stealth


You had 5 spell levels left.
You didn't know any spells.
Your spell library contained the following spells:

 Spells                   Type           Power        Failure   Level  Hunger
 Confusing Touch          Hex            #.....       43%         1    ##.....
 Confuse                  Hex            #.......     82%         3    ####...
 Gell's Gravitas          Tloc           #.........   82%         3    ####...
 Petrify                  Tmut/Erth      #.......     99%         4    #####..
 Metabolic Englaciation   Hex/Ice        #.........   100%        5    ######.
 Yara's Violent Unravell  Hex/Tmut       #.........   100%        5    ######.


Dungeon Overview and Level Annotations

Branches:
Dungeon (4/15)
 Temple: D:4-7

Altars:
Elyvilon


Innate Abilities, Weirdness & Mutations

You have a pair of small antennae on your head.
Your flesh is cold resistant. (rC+)
You sometimes gain a little power by taking damage.


Message History

The killer bee is heavily wounded.
The killer bee barely misses you.
You riposte.
You hit the killer bee.
The killer bee is almost dead.
You barely miss the killer bee.
The killer bee is almost dead.
The killer bee barely misses you. x2
You closely miss the killer bee.
The killer bee is almost dead.
The killer bee stings you.
* * * LOW HITPOINT WARNING * * *
You are poisoned.
The killer bee poisons you! The killer bee stings you.
* * * LOW HITPOINT WARNING * * *
The killer bee stings you.
* * * LOW HITPOINT WARNING * * *
As you read the scroll of teleportation, it crumbles to dust.
You feel strangely unstable.
* * * LOW HITPOINT WARNING * * *
You feel sick. The killer bee closely misses you. The killer bee stings you!
You die...

#.≈ ######## #.#
#....... #.# #.######
#.# #.# #.# #.# #y#
#.# #y# #.#
######@###### #.#
.............#
#.######
###.########.#
#....... #.# ########
#.# ######
#.########.#####....##
#.............##.##...
######........#...#...
#.###.####.P.###.


You could see 2 killer bees.

Vanquished Creatures
  A big kobold (D:3)
  2 killer bees (D:4)
  Jessica (D:3)
  A worker ant (D:4)
  Robin (D:3)
  2 adders
  A howler monkey skeleton (D:4)
  2 worms
  2 dart slugs (D:1)
  A leopard gecko (D:3)
  An orc (D:4)
  5 bats
  3 giant cockroaches
  12 goblins
  8 hobgoblins
  6 jackals (D:2)
  8 kobolds
  3 frilled lizards
  9 rats
  A fungus (D:4)
70 creatures vanquished.

Notes
Turn   | Place    | Note
-------+----------+-------------------------------------------
     0 | D:1      | Glodfish the Demonspawn Gladiator began the quest for the
                  | Orb.
     0 | D:1      | Reached XP level 1. HP: 16/16 MP: 1/1
   397 | D:1      | Reached skill level 3 in Long Blades
   398 | D:1      | Gained mutation: You have a pair of small antennae on your
                  | head. [demonic ancestry]
   398 | D:1      | Reached XP level 2. HP: 22/22 MP: 2/2
   945 | D:2      | Reached XP level 3. HP: 9/27 MP: 3/3
  1590 | D:3      | Noticed Jessica
  1597 | D:3      | Killed Jessica
  1597 | D:3      | Reached skill level 1 in Armour
  1714 | D:3      | Gained mutation: Your flesh is cold resistant. (rC+)
                  | [demonic ancestry]
  1714 | D:3      | Reached XP level 4. HP: 32/33 MP: 4/4
  2255 | D:3      | Noticed Robin
  2278 | D:3      | Killed Robin
  2499 | D:3      | Noticed a big kobold
  2513 | D:3      | Killed a big kobold
  2513 | D:3      | Reached skill level 4 in Long Blades
  2513 | D:3      | Reached XP level 5. HP: 26/39 MP: 5/5
  3058 | D:4      | Found a white marble altar of Elyvilon.
  3164 | D:4      | Gained mutation: You sometimes gain a little power by
                  | taking damage. [demonic ancestry]
  3164 | D:4      | Reached XP level 6. HP: 26/46 MP: 6/6
  3175 | D:4      | Slain by a killer bee

Skill      XL: |  1  2  3  4 |
---------------+-------------+-----
Long Blades    | 3 4 |  4.8
Dodging        | 3 |  3.7
Armour         | 1 2 |  2.2
Fighting       | |  2.8
Throwing       | |  1.8
Stealth        | |  0.3

Action                   |  1- 3 |  4- 6 || total
-------------------------+-------+-------++-------
Melee: Long sword        |    73 |   113 ||   186
  Use: Scroll            |     7 |     2 ||     9
       Potion            |       |     4 ||     4
 Stab: Sleeping          |     1 |     1 ||     2
  Eat: Ration            |     1 |     3 ||     4
Armor: Leather armour    |    18 |    37 ||    55
Dodge: Dodged            |    64 |   115 ||   179
       Rpst.: Long sword |    19 |    47 ||    66
